 Dungeon Crawl Stone Soup version 0.27-a0-1158-gaa87e14f67 (webtiles) character file.

Game seed: 16764235296432161908

23 freelancePsychic the Magician (level 3, -3/25 HPs)
             Began as a Djinni Earth Elementalist on May 15, 2021.
             Was a Follower of Nemelex Xobeh.
             Slain by an adder (4 damage)
             ... on level 2 of the Dungeon.
             The game lasted 00:01:57 (1483 turns).

freelancePsychic the Magician (DjEE)                Turns: 1483, Time: 00:01:57

Health: -3/25      AC:  2    Str:  7    XL:     3   Next: 12%
Gold:   84         EV: 12    Int: 17    God:    Nemelex Xobeh [*.....] SH:  0 Dex: 13

rFire    + + .     SeeInvis .   f - +2 dagger (venom)
rCold    x . .     Faith    .   (no shield)
rNeg     . . .     Spirit   .   c - +0 robe
rPois    ∞         Reflect  .   (no helmet)
rElec    .         Harm     .   (no cloak)
rCorr    .         Rampage  .   (no gloves)
Will     .....                  (boots unavailable)
Stlth    ++........             (no amulet)
HPRegen  0.08/turn              (no ring)
MPRegen  0.00/turn              (no ring)

@: flying
A: sickness immunity, fire resistance 2, cold vulnerability 1, float, innate
caster, hp casting, extra vitality 1
a: Renounce Religion, Draw Escape, Draw Destruction, Draw Summoning


You were on level 2 of the Dungeon.
You worshipped Nemelex Xobeh.
Nemelex Xobeh was aware of your devotion.
You visited 1 branch of the dungeon, and saw 2 of its levels.

You collected 84 gold pieces.

Inventory:

Hand Weapons
 f - a +2 dagger of venom (weapon)
Missiles
 b - 37 stones
Armour
 c - a +0 robe (worn)
Scrolls
 a - 3 scrolls of fog {unknown}
 g - a scroll of enchant armour {unknown}
Potions
 d - a potion of curing {unknown}
 e - a potion of attraction {unknown}


   Skills:
 + Level 0.4 Short Blades
 - Level 2.1 Dodging
 - Level 1.5 Stealth
 * Level 3.0 Spellcasting
 + Level 0.8 Invocations


You couldn't memorise any spells.
You knew the following spells:

 Your Spells              Type           Power      Damage    Failure   Level
a - Sandblast             Erth           24%        2d8       4%          1
b - Passwall              Tmut/Erth      10%        N/A       8%          2
c - Stone Arrow           Conj/Erth      24%        3d8       16%         3
d - Petrify               Tmut/Erth      12%        N/A       45%         4
e - Lee's Rapid Deconstr  Erth           6%         3d7*      80%         5
f - Animate Skeleton      Necr           24%        N/A       4%          1
Your spell library was empty.

Dungeon Overview and Level Annotations

Branches:
Dungeon (2/15)

Altars:
Nemelex Xobeh
Lugonu

Shops:
D:1 *

Portals:
Abyss: D:1


Innate Abilities, Weirdness & Mutations

You are immune to sickness and miasma.
You are immune to poison.
Your flesh is very heat resistant. (rF++)
You are vulnerable to cold. (rC-)
You float through the air rather than walking.
You learn spells naturally, not from books.
Your magical power is your life essence.
You have superior vitality. (+4 HP)


Message History

You hit the rat.
You kill the rat!
The jackal bites you.
* * * LOW HITPOINT WARNING * * *
The jackal bites you.
* * * LOW HITPOINT WARNING * * *
An adder comes into view.
The jackal closely misses you.
You hit the jackal.
The jackal is poisoned.
The jackal is moderately wounded.
The jackal bites you.
* * * LOW HITPOINT WARNING * * *
Casting: Sandblast (safe; 5% risk of failure)
Confirm with . or Enter, or press ? or * to list all spells.
Aiming: Sandblast (safe; 5% risk of failure)
Press: ? - help, Shift-Dir - straight line, f - jackal
Aim: a jackal (lightly wounded, very poisoned, 74% to hit)
The blast of sand hits the jackal!
You kill the jackal!
* * * LOW HITPOINT WARNING * * *
Your Spellcasting skill increases to level 3!
Casting: Sandblast (safe; 4% risk of failure)
Confirm with . or Enter, or press ? or * to list all spells.
Aiming: Sandblast (safe; 4% risk of failure)
Press: ? - help, Shift-Dir - straight line, f - jackal
Aim: a jackal (74% to hit)
The blast of sand hits the jackal!
You kill the jackal!
* * * LOW HITPOINT WARNING * * *
Casting: Sandblast (safe; 4% risk of failure)
Confirm with . or Enter, or press ? or * to list all spells.
Aiming: Sandblast (safe; 4% risk of failure)
Press: ? - help, Shift-Dir - straight line, f - adder
Aim: an adder (66% to hit)
The blast of sand hits the adder.
The adder is moderately wounded.
* * * LOW HITPOINT WARNING * * *
The adder bites you.
You die...
Your body disappears without a glow.

#...########
#.## ##
#.###..## #.##
#.# #.....#
#... #...
#.###..#
####..# #...#
#..# #......
.#....#####..#
#<##..#
...<.........#
#.##..#
..........#.##
#.##..#
....(...#.#@#
#.##..#
##........S.#
#.##..#
#...#.##.###
#.##..# #...#.
#.# #.##..#
.hh. .. ...
... ##.
###..... #.
.......
##..... #...


You could see an adder.

Vanquished Creatures
  A worm (D:2)
  2 dart slugs (D:1)
  An endoplasm (D:1)
  3 hobgoblins
  4 jackals (D:2)
  A bat (D:1)
  A goblin (D:1)
  A kobold (D:1)
  2 rats
16 creatures vanquished.

Notes
Turn   | Place    | Note
-------+----------+-------------------------------------------
     0 | D:1      | freelancePsychic the Djinni Earth Elementalist began the
                  | quest for the Orb.
     0 | D:1      | Reached XP level 1. HP: 15/15 MP: 0/0
   297 | D:1      | Found a faded altar of an unknown god.
   326 | D:1      | Became a worshipper of Nemelex Xobeh the Trickster
   326 | D:1      | Reached * piety under Nemelex Xobeh
   326 | D:1      | Received a gift from Nemelex Xobeh
   336 | D:1      | Found Teaxib's Assorted Antiques.
   340 | D:1      | Reached XP level 2. HP: 19/21 MP: 0/0
  1066 | D:1      | Found a one-way gate to the infinite horrors of the Abyss.
  1066 | D:1      | Found a corrupted altar of Lugonu.
  1066 | D:1      | Noticed a quasit
  1066 | D:1      | Noticed a demonic crawler
  1066 | D:1      | Noticed a demonic crawler
  1066 | D:1      | Noticed a quasit
  1066 | D:1      | Noticed a demonic crawler
  1476 | D:2      | Reached XP level 3. HP: 15/25 MP: 0/0
  1476 | D:2      | Learned a level 1 spell: Animate Skeleton
  1482 | D:2      | Reached skill level 3 in Spellcasting
  1483 | D:2      | Slain by an adder

Illustrated notes

Levels and vault maps discovered:
D:1:      erik_arrival_cave_to_civilisation [erik_arrival_cave_to_temple],
          layout_loops_ring, serial_shops, shop, shapermc_ecumenical_altar_venn,
          chequers_serial_rivers_small_b, chequers_serial_rivers_micro_a
D:2:      layout_loops_ring, basic_altar, glass_columns_b, solitary_fountain,
          uniq_robin, uniq_jessica

Skill      XL: |  1  2  3 |
---------------+----------+-----
Spellcasting   | 3 |  3.0
Short Blades   | |  0.4
Dodging        | |  2.1
Stealth        | |  1.5
Invocations    | |  0.8

Action                   || total
-------------------------++-------
Melee: Dagger            ||    25
 Cast: Sandblast         ||    11
Armor: Robe              ||     4
Dodge: Dodged            ||    24

Table legend: (Time is in decaauts)
 A = Elapsed time spent in this place.
 B = Non-inter-level travel time spent in this place.
 C = Inter-level travel time spent in this place.
 D = Time resting spent in this place.
 E = Time spent auto-exploring this place.
 F = Levels seen in this place.
 G = Mean time per level.
                   A        B        C        D        E       F      G
               +--------+--------+--------+--------+--------+-----+--------+
         Total |   1482 |   1312 |    170 |     27 |   1194 |   2 |  741.0 |
       Dungeon |   1482 |   1312 |    170 |     27 |   1194 |   2 |  741.0 |
               +--------+--------+--------+--------+--------+-----+--------+

Top non-repeatable levels by time:
     D:1: 1257 daAuts
     D:2: 224 daAuts
